 Dungeon Crawl Stone Soup version 0.27-a0-637-g3a9f0a9c12 (webtiles) character file.

Game seed: 3427844180308457132

28716 Essalna the Geomancer (level 13, 0/82 HPs)
             Began as a Gargoyle Earth Elementalist on Mar 13, 2021.
             Was a High Priest of Vehumet.
             Slain by a boulder beetle (44 damage)
             ... on level 3 of the Lair of Beasts on Mar 14, 2021.
             The game lasted 00:54:11 (20657 turns).

Essalna the Geomancer (GrEE)                       Turns: 20657, Time: 00:54:11

Health: 0/82       AC: 18    Str: 12    XL:     13   Next: 40%
Magic:  22/27      EV: 16    Int: 27    God:    Vehumet [*****.]
Gold:   1506       SH:  5    Dex: 16    Spells: 23/32 levels left

rFire    + . .     SeeInvis .   J - +0 spear (vorpal)
rCold    + . .     Faith    .   H - +0 buckler
rNeg     + . .     Spirit   .   Y - +1 robe {rC+ rF+}
rPois    ∞         Reflect  .   n - +0 helmet
rElec    +         Harm     .   (no cloak)
rCorr    .         Rampage  .   B - +1 pair of gloves
Will     .....                  z - +0 pair of boots
Stlth    ++........             (no amulet)
HPRegen  0.23/turn              l - +6 ring of dexterity
MPRegen  0.20/turn              R - +6 ring of intelligence

@: no status effects
A: AC +9, negative energy resistance 1, electricity resistance, torment
resistance 1, unbreathing 1, petrification resistance
a: Renounce Religion


You were on level 3 of the Lair of Beasts.
You worshipped Vehumet.
Vehumet was extremely pleased with you.
You visited 4 branches of the dungeon, and saw 16 of its levels.
You also visited: Ossuary and Gauntlet.

You collected 1506 gold pieces.

Inventory:

Hand Weapons
 d - a +0 dagger
 r - a +1 flail of holy wrath
 J - a +0 vorpal spear (weapon)
 N - a +2 whip of freezing
Missiles
 b - 101 stones
Armour
 c - a +0 robe
 e - a +0 pair of gloves
 n - a +0 helmet (worn)
 z - a +0 pair of boots (worn)
 B - a +1 pair of gloves (worn)
 H - a +0 buckler (worn)
 M - a +0 pair of boots
 O - a +0 troll leather armour
 Q - a +2 robe of willpower
 Y - a +1 robe of resistance (worn)
Jewellery
 l - a +6 ring of dexterity (right hand)
 q - a ring of poison resistance
 u - the amulet of Umual {Faith rPois Str+2 Dex-4}
   (You found it on level 4 of the Dungeon)

   [amulet of faith]

   It allows you to gain divine favour quickly.
   It affects your strength (+2).
   It affects your dexterity (-4).
   It protects you from poison.
 R - a +6 ring of intelligence (left hand)
 V - the ring "Vepsiocw" {rN+ rCorr Dex+2}
   (You found it in a Gauntlet)

   [ring of resist corrosion]

   It affects your dexterity (+2).
   It protects you from negative energy.
   It provides partial protection from all sources of acid and corrosion.
 W - the ring "Yvogh" {+Fly rElec Int+3 Dex+2}
   (You took it off a minotaur in a Gauntlet)

   [ring of flight]

   It affects your intelligence (+3).
   It affects your dexterity (+2).
   It insulates you from electricity.
   It lets you fly.
Wands
 y - a wand of paralysis (7)
 K - a wand of flame (17)
 S - a wand of mindburst (7)
 T - a wand of random effects (15)
 X - a wand of iceblast (8)
Scrolls
 a - 14 scrolls of identify {unknown}
 f - a scroll of magic mapping
 i - 2 scrolls of enchant weapon {unknown}
 j - 3 scrolls of random uselessness {unknown}
 k - 4 scrolls of immolation {unknown}
 o - 4 scrolls of blinking {unknown}
 p - 9 scrolls of teleportation {unknown}
 s - 2 scrolls of fog {unknown}
 x - 4 scrolls of fear {unknown}
 A - 4 scrolls of enchant armour {unknown}
 E - 4 scrolls of amnesia {unknown}
 G - a scroll of silence {unknown}
 U - a scroll of vulnerability {unknown}
Potions
 g - 3 potions of heal wounds {unknown}
 h - a potion of attraction {unknown}
 m - 3 potions of curing
 t - 3 potions of might {unknown}
 v - 4 potions of cancellation {unknown}
 w - 3 potions of lignification {unknown}
 C - 4 potions of berserk rage {unknown}
 D - 4 potions of flight {unknown}
 F - a potion of brilliance {unknown}
 I - a potion of mutation {unknown}
 L - 2 potions of resistance {unknown}
 P - a potion of ambrosia {unknown}


   Skills:
 + Level 9.9 Fighting
 + Level 9.9 Armour
 + Level 7.9 Dodging
 - Level 2.1 Stealth
 - Level 4.0 Shields
 + Level 10.1 Spellcasting
 - Level 2.0 Conjurations
 - Level 3.0 Transmutations
 + Level 13.0 Earth Magic


You had 23 spell levels left.
You knew the following spells:

 Your Spells              Type           Power      Damage    Failure   Level
a - Sandblast             Erth           100%       2d20      0%          1
b - Stone Arrow           Conj/Erth      100%       3d13      1%          3
c - Lee's Rapid Deconstr  Erth           35%        3d19*     1%          5

Your spell library contained the following spells:

 Spells                   Type           Power      Damage    Failure   Level
 Starburst                Conj/Fire      9%         8x6d5     69%         6
 Foxfire                  Conj/Fire      76%        2x1d7     1%          1
 Passwall                 Tmut/Erth      45%        N/A       1%          2
 Petrify                  Tmut/Erth      54%        N/A       1%          4
 Conjure Flame            Conj/Fire      19%        6-21      2%          3
 Static Discharge         Conj/Air       19%        N/A       2%          3
 Inner Flame              Hex/Fire       13%        N/A       3%          3
 Corpse Rot               Necr/Air       N/A        N/A       6%          2
 Sticky Flame             Conj/Fire      19%        2d4       8%          4
 Fireball                 Conj/Fire      9%         3d6       21%         5
 Cause Fear               Hex            6%         N/A       38%         4
 Summon Lightning Spire   Summ/Air       13%        N/A       38%         4
 Dragon Form              Tmut           15%        N/A       100%        7
 Dragon's Call            Summ           6%         N/A       100%        9


Dungeon Overview and Level Annotations

Branches:
Dungeon (10/15)            Temple (1/1) D:6            Lair (3/6) D:10
  Swamp (0/4) Lair:2          Orc (2/2) D:10            Elf (0/3) Orc:2
Ossuary (visited)         Gauntlet (visited)
  Snake: Lair:2-4    Spider: Lair:2-4

Altars:
Ashenzari
Cheibriados
Dithmenos
Elyvilon
Fedhas
Gozag
Hepliaklqana
Kikubaaqudgha
Makhleb
Nemelex Xobeh
Okawaru
Qazlal
Ru
Sif Muna
Trog
Uskayaw
Vehumet
Wu Jian
Xom
Yredelemnul
Zin
The Shining One
Beogh

Shops:
D:4 :   Orc:2 ?[:?

Annotations:
D:6 2 transporters
Orc:1 2 transporters, Wobius's ghost, journeyman DgAE


Innate Abilities, Weirdness & Mutations

Your stone body is resilient. (AC +9)
You are immune to poison.
You resist negative energy. (rN+)
You are resistant to electric shocks. (rElec)
You are resistant to unholy torment.
You can survive without breathing.
You are immune to petrification.


Message History

There is an empty arch of ancient stone here.
m - 3 potions of curing (gained 1)
Found a robe.
x - 4 scrolls labelled OLEZAN SAUPH (gained 1)
You see here a +0 ring mail.
You now have 1506 gold pieces (gained 14).
p - 9 scrolls labelled HOIDUN QYWNE (gained 1)
A boulder beetle comes into view.
A boulder beetle is nearby!
The boulder beetle curls into a ball and begins rolling!
The boulder beetle hits you!!
The boulder beetle stops rolling and uncurls.
Casting: Lee's Rapid Deconstruction (safe; 1% risk of failure)
Confirm with . or Enter, or press ? or * to list all spells.
Aiming: Stone Arrow (safe; 1% risk of failure)
Press: ? - help, Shift-Dir - straight line, f - boulder beetle
Aim: a boulder beetle (0% to evade)
The stone arrow hits the boulder beetle!!
The boulder beetle is moderately wounded.
The boulder beetle bites you!
Casting: Stone Arrow (safe; 1% risk of failure)
Confirm with . or Enter, or press ? or * to list all spells.
Aiming: Stone Arrow (safe; 1% risk of failure)
Press: ? - help, Shift-Dir - straight line, f/p - boulder beetle
Aim: a boulder beetle (moderately wounded, 0% to evade)
The stone arrow hits the boulder beetle!
The boulder beetle is moderately wounded.
The boulder beetle leaps!
Casting: Stone Arrow (safe; 1% risk of failure)
Confirm with . or Enter, or press ? or * to list all spells.
You can't see any susceptible monsters within range! (Use Z to cast anyway.) Unknown command.
The boulder beetle curls into a ball and begins rolling!
Casting: Stone Arrow (safe; 1% risk of failure)
Confirm with . or Enter, or press ? or * to list all spells.
You can't see any susceptible monsters within range! (Use Z to cast anyway.) Unknown command.
The boulder beetle hits you!!!
Ouch! That really hurt!
You die...

*#/..................#...[.
#.....................#...
##..,#..........#.#.......
#P..#*#........#..#.#.#...
*#...##............[......
*#........#..............
##.∩....................
#......................
##.#..@#...............
##...B#P..............
##...○°°..........÷..
#...................
##..................
#....P...........#.#
####..##..#..........#
#.P....#...........#..
#.P......#...........#


You could see a boulder beetle.

Vanquished Creatures
  A minotaur (Gauntlet)
  Harold (D:8)
  4 hydras
  Erolcha (Orc:2)
  An ogre mage (Orc:2)
  A death scarab (Gauntlet)
  A two-headed ogre (D:10)
  Nergalle (Orc:1)
  A spectral hydra (Gauntlet)
  A wizard (Gauntlet)
  An orc knight (Orc:2)
  8 orc sorcerers (Orc:2)
  A moth of wrath (Gauntlet)
  4 cane toads
  3 komodo dragons
  2 trolls (Orc:1)
  Grinder (D:3)
  Prince Ribbit (D:8)
  4 blink frogs (Lair:3)
  A vampire (D:10)
  23 yaks
  Grum (D:8)
  2 wargs
  A swamp worm (Lair:2)
  7 water moccasins
  17 orc warriors
  5 sky beasts
  2 ice beasts
  5 black bears
  5 wolves
  15 ogres
  2 centaurs
  A kobold brigand (D:8)
  2 phantoms
  3 elf zombies (Ossuary)
  7 bullfrogs
  A wyvern skeleton (D:10)
  A scorpion (D:6)
  5 wights (D:10)
  2 howler monkeys (D:5)
  A quasit (D:6)
  6 hounds
  4 jellies
  2 centaur skeletons (D:5)
  A bullfrog skeleton (D:4)
  10 orc priests
  12 iguanas
  4 hell rats (Lair:2)
  10 worker ants
  34 orc wizards
  5 hound zombies
  2 hound skeletons
  4 mummies (Ossuary)
  A worker ant zombie (D:8)
  3 gnolls (D:10)
  10 adders
  5 shadow imps
  5 white imps
  2 ufetubi (D:5)
  3 adder zombies
  2 worms
  2 dart slugs
  4 leopard geckos
  58 orcs
  2 ball pythons (D:2)
  5 giant cockroaches
  5 goblins
  6 hobgoblins
  10 jackals
  3 quokkas
  13 bats
  5 frilled lizards
  A hobgoblin zombie (Ossuary)
  2 jackal zombies (Ossuary)
  10 kobolds
  A kobold zombie (Ossuary)
  A quokka skeleton (D:8)
  7 rats
407 creatures vanquished.

Vanquished Creatures (others)
  4 fungi
  12 plants
  2 withered plants (Gauntlet)
18 creatures vanquished.

Grand Total: 425 creatures vanquished

Notes
Turn   | Place    | Note
-------+----------+-------------------------------------------
     0 | D:1      | Essalna the Gargoyle Earth Elementalist began the quest for
                  | the Orb.
     0 | D:1      | Reached XP level 1. HP: 10/10 MP: 3/3
   216 | D:1      | Reached skill level 1 in Transmutations
   398 | D:1      | Reached XP level 2. HP: 5/15 MP: 1/5
   703 | D:1      | Reached skill level 4 in Earth Magic
  1113 | D:1      | Reached XP level 3. HP: 19/19 MP: 6/6
  1410 | D:2      | Learned a level 3 spell: Stone Arrow
  1803 | D:2      | Found a glowing silver altar of Zin.
  1804 | D:2      | Found an opulent altar of Gozag.
  2164 | D:2      | Reached XP level 4. HP: 24/24 MP: 6/8
  2216 | D:2      | Found a shimmering blue altar of Sif Muna.
  3008 | D:3      | Noticed a bullfrog
  3016 | D:3      | Killed a bullfrog
  3017 | D:3      | Reached skill level 1 in Conjurations
  3017 | D:3      | Reached XP level 5. HP: 28/28 MP: 2/9
  3211 | D:3      | Reached skill level 5 in Earth Magic
  3704 | D:3      | Noticed Grinder
  3704 | D:3      | Paralysed by Grinder for 4 turns
  3712 | D:3      | Paralysed by Grinder for 5 turns
  3720 | D:3      | Killed Grinder
  3721 | D:3      | Reached XP level 6. HP: 31/32 MP: 2/11
  3906 | D:3      | Noticed a sky beast
  3915 | D:3      | Killed a sky beast
  3916 | D:3      | Reached skill level 6 in Earth Magic
  3916 | D:3      | Reached XP level 7. HP: 36/36 MP: 7/13
  4180 | D:4      | Identified the amulet of Umual {Faith rPois Str+2 Dex-4}
  4242 | D:4      | Found a hazy altar of Hepliaklqana.
  4243 | D:4      | Found a shimmering altar of Xom.
  4244 | D:4      | Noticed a spectral ugly thing
  4288 | D:4      | Found Sagenoti's Book Shop.
  4834 | D:5      | Entered Level 5 of the Dungeon
  4931 | D:5      | Reached skill level 7 in Earth Magic
  4935 | D:5      | Reached skill level 5 in Spellcasting
  5084 | D:5      | Reached XP level 8. HP: 40/41 MP: 3/15
  5608 | D:5      | Found a snail-covered altar of Cheibriados.
  5688 | D:5      | Reached skill level 1 in Armour
  5793 | D:5      | Reached skill level 1 in Fighting
  5793 | D:5      | Reached skill level 8 in Earth Magic
  6030 | D:6      | Found a transporter.
  6043 | D:6      | Learned a level 5 spell: Lee's Rapid Deconstruction
  6163 | D:6      | Found a transporter.
  6393 | D:6      | Found a shadowy altar of Dithmenos.
  6425 | D:6      | Found a staircase to the Ecumenical Temple.
  6438 | Temple   | Entered the Ecumenical Temple
  6592 | D:6      | Reached XP level 9. HP: 49/49 MP: 15/18
  6835 | D:6      | Found a sparkling altar of Nemelex Xobeh.
  6913 | D:6      | Upgraded the game from 0.27-a0-607-g1ad3dbde53 to
                  | 0.27-a0-637-g3a9f0a9c12
  7214 | D:7      | Found a sand-covered staircase.
  7219 | Ossuary  | Entered an ossuary
  7268 | Ossuary  | Reached skill level 9 in Earth Magic
  8650 | D:7      | Reached skill level 1 in Shields
  9159 | D:8      | Noticed Grum
  9171 | D:8      | Killed Grum
  9172 | D:8      | Reached XP level 10. HP: 12/58 MP: 6/20
  9614 | D:8      | Noticed Prince Ribbit
  9871 | D:8      | Reached skill level 5 in Fighting
 10031 | D:8      | Reached skill level 5 in Armour
 10055 | D:8      | Killed Prince Ribbit
 10294 | D:8      | Found a radiant altar of Vehumet.
 10302 | D:8      | Became a worshipper of Vehumet
 10464 | D:8      | Noticed Harold
 10471 | D:8      | Killed Harold
 10710 | D:9      | Reached skill level 10 in Earth Magic
 11001 | D:9      | Noticed a two-headed ogre
 11021 | D:10     | Entered Level 10 of the Dungeon
 11544 | D:10     | Found a staircase to the Lair.
 11550 | D:10     | Reached * piety under Vehumet
 11550 | D:10     | Offered knowledge of Magic Dart by Vehumet.
 11672 | D:10     | Reached skill level 5 in Dodging
 11825 | D:10     | Reached XP level 11. HP: 64/64 MP: 6/22
 12118 | D:10     | Noticed a two-headed ogre
 12122 | D:10     | Killed a two-headed ogre
 12384 | D:9      | Found a blossoming altar of Fedhas.
 13030 | D:10     | Found a staircase to the Orcish Mines.
 13256 | Orc:1    | Entered Level 1 of the Orcish Mines
 13523 | Orc:1    | Offered knowledge of Searing Ray by Vehumet.
 13649 | Orc:1    | Reached ** piety under Vehumet
 14192 | Orc:1    | Found a transporter.
 14466 | Orc:1    | Reached skill level 11 in Earth Magic
 14583 | Orc:1    | Noticed Wobius's ghost (journeyman DgAE)
 14584 | Orc:1    | Noticed a two-headed ogre
 14586 | Orc:1    | Noticed a two-headed ogre
 14586 | Orc:1    | Noticed a two-headed ogre
 14592 | Orc:1    | Noticed an ettin
 14596 | Orc:1    | Noticed a two-headed ogre
 14607 | Orc:1    | Found a transporter.
 14898 | Orc:1    | Offered knowledge of Dazzling Flash by Vehumet.
 15033 | Orc:1    | Noticed Nergalle
 15045 | Orc:1    | Noticed a spectral orc warlord
 15049 | Orc:1    | Killed Nergalle
 15266 | Orc:1    | Reached *** piety under Vehumet
 15616 | Orc:2    | Entered Level 2 of the Orcish Mines
 15743 | Orc:2    | Noticed an orc knight
 15857 | Orc:2    | Killed an orc knight
 16145 | Orc:2    | Found a staircase to the Elven Halls.
 16195 | Orc:2    | Offered knowledge of Fulminant Prism by Vehumet.
 16331 | Orc:2    | Noticed an orc sorcerer
 16336 | Orc:2    | Killed an orc sorcerer
 16413 | Orc:2    | Noticed an orc sorcerer
 16418 | Orc:2    | Killed an orc sorcerer
 16551 | Orc:2    | Reached XP level 12. HP: 73/73 MP: 17/24
 16765 | Orc:2    | Found Uffeuxt's Magic Scroll Boutique.
 16792 | Orc:2    | Found an ancient bone altar of Kikubaaqudgha.
 16801 | Orc:2    | Reached **** piety under Vehumet
 16939 | Orc:2    | Found Femeh's Book Boutique.
 16978 | Orc:2    | Noticed Erolcha
 17003 | Orc:2    | Killed Erolcha
 17109 | Orc:2    | Found a radiant altar of Vehumet.
 17116 | Orc:2    | Noticed an ogre mage
 17124 | Orc:2    | Paralysed by something for 6 turns
 17132 | Orc:2    | Killed an ogre mage
 17133 | Orc:2    | Reached skill level 12 in Earth Magic
 17137 | Orc:2    | Found Yhihusupp's Magic Scroll Boutique.
 17204 | Orc:2    | Found Hoxtex's Antique Armour Shop.
 17589 | Lair:1   | Entered Level 1 of the Lair of Beasts
 17659 | Lair:1   | Offered knowledge of Iskenderun's Battlesphere by Vehumet.
 17945 | Lair:1   | Noticed a five-headed hydra
 17991 | Lair:1   | Killed a five-headed hydra
 19141 | Lair:2   | Noticed a seven-headed hydra
 19144 | Lair:2   | Killed a seven-headed hydra
 19145 | Lair:2   | Reached XP level 13. HP: 80/80 MP: 5/26
 19470 | Lair:2   | Found a staircase to the Swamp.
 19603 | Lair:2   | You fall into a shaft and drop 1 floor!
 19644 | Lair:3   | Reached ***** piety under Vehumet
 19644 | Lair:3   | Offered knowledge of Starburst by Vehumet.
 19661 | Lair:3   | Found a gate leading to a gauntlet.
 19671 | Gauntlet | Entered a Gauntlet
 19671 | Gauntlet | Found a large runed translucent door.
 19671 | Gauntlet | Found a large runed translucent door.
 19671 | Gauntlet | Found a large runed translucent door.
 19671 | Gauntlet | Found a large runed translucent door.
 19671 | Gauntlet | Found a large runed translucent door.
 19671 | Gauntlet | Found a large runed translucent door.
 19671 | Gauntlet | Found a large runed translucent door.
 19671 | Gauntlet | Found a large runed translucent door.
 19671 | Gauntlet | Found a runed translucent door.
 19671 | Gauntlet | Found a runed translucent gate.
 19671 | Gauntlet | Found a transporter.
 19671 | Gauntlet | Found a transporter.
 19671 | Gauntlet | Found a runed translucent gate.
 19671 | Gauntlet | Found a transporter.
 19672 | Gauntlet | Found a transporter.
 19675 | Gauntlet | Found a transporter.
 19688 | Gauntlet | Found a runed translucent gate.
 19690 | Gauntlet | Found a transporter.
 19695 | Gauntlet | Found a transporter.
 19706 | Gauntlet | Found a transporter.
 19714 | Gauntlet | Found a transporter.
 19736 | Gauntlet | Found a transporter.
 19740 | Gauntlet | Found a transporter.
 19759 | Gauntlet | Found a transporter.
 19783 | Gauntlet | Found a runed translucent door.
 19784 | Gauntlet | Found a large runed translucent door.
 19784 | Gauntlet | Found a large runed translucent door.
 19784 | Gauntlet | Found a large runed translucent door.
 19784 | Gauntlet | Found a large runed translucent door.
 19785 | Gauntlet | Found a large runed translucent door.
 19785 | Gauntlet | Found a large runed translucent door.
 19786 | Gauntlet | Found a large runed translucent door.
 19786 | Gauntlet | Found a large runed translucent door.
 19925 | Gauntlet | Reached skill level 10 in Spellcasting
 20014 | Gauntlet | Identified the ring "Vepsiocw" {rN+ rCorr Dex+2}
 20365 | Gauntlet | Identified the ring "Yvogh" {+Fly rElec Int+3 Dex+2}
 20365 | Gauntlet | Noticed a minotaur
 20372 | Gauntlet | Killed a minotaur
 20373 | Gauntlet | Reached skill level 13 in Earth Magic
 20381 | Gauntlet | Identified the Tome of Scorching Air
 20657 | Lair:3   | Slain by a boulder beetle

Illustrated notes

Levels and vault maps discovered:
D:1:      psy_arrival_fountain, layout_basic, serial_glass, glass_columns_a,
          glass_columns_a
D:2:      layout_loops_corners, grunt_temple_overflow_gold_and_silver,
          lemuel_round_altar
D:3:      layout_basic, uniq_grinder
D:4:      layout_basic, regret_index_temple_of_mockery, serial_shops, shop
D:5:      layout_rooms, chequers_serial_rivers_large_b, serial_bayou_pond_b,
          minmay_misc_feat_rugged, cheibrodos_worm_habitat
D:6:      gammafunk_steamed_eel, layout_basic, general_overflow_altar,
          temple_fountains, basic_altar
D:7:      layout_loops_corners, enter_ossuary_2
D:8:      layout_basic, lemuel_coloured_pillars_altar, uniq_grum, uniq_harold,
          uniq_prince_ribbit1
D:9:      layout_long_grid, marbit_many_paths
D:10:     layout_small_grid, grunt_lair_entry_orc_guard_hut, orc_0_dummy
Temple:   jpeg_temple_clearing
Lair:1:   layout_cave_pods, lemuel_fruit_tree
Lair:2:   layout_long_grid, palyth_hydra_swamp_entry, serial_bayou_shore_b,
          grunt_megastairs_5, infiniplex_staircase_pool_2
Lair:3:   layout_gridlike, gauntlet_entry_generic, beast_lair_carwin_8
Orc:1:    layout_diamond_mine, gammafunk_ghost_smash, basic_altar, uniq_nergalle
Orc:2:    kennysheep_orc_mage_school, layout_diamond_mine

Skill      XL: |  1  2  3  4  5  6  7  8  9 10 11 12 13 |
---------------+----------------------------------------+-----
Transmutations | 1 2 3 |  3.0
Earth Magic    | 4 5 6 7 8 9 10 11 12 13 | 13.0
Spellcasting   | 3 4 5 6 7 8 9 10 | 10.1
Conjurations   | 1 2 |  2.0
Armour         | 2 4 6 7 9 |  9.9
Fighting       | 2 4 6 7 9 |  9.9
Dodging        | 2 4 5 6 7 |  7.9
Shields        | 2 4 |  4.0
Stealth        | |  2.1

Action                   |  1- 3 |  4- 6 |  7- 9 | 10-12 | 13-15 || total
-------------------------+-------+-------+-------+-------+-------++-------
Melee: Dagger            |    56 |    68 |       |       |       ||   124
       Unarmed           |     9 |       |       |       |       ||     9
       Flail             |       |    16 |   134 |       |       ||   150
       Spear             |       |       |       |   225 |     6 ||   231
 Cast: Sandblast         |    30 |    45 |    56 |    55 |    29 ||   215
       Stone Arrow       |       |       |    69 |   242 |    24 ||   335
       Lee's Rapid Decon |       |       |     4 |    72 |    12 ||    88
Evoke: Wand              |       |       |       |       |     4 ||     4
  Use: Potion            |       |       |     2 |       |       ||     2
       Scroll            |       |       |     1 |       |     1 ||     2
 Stab: Sleeping          |     4 |     2 |       |     1 |       ||     7
Armor: Robe              |    22 |    47 |   203 |   103 |       ||   375
       Troll leather arm |       |       |       |    37 |    24 ||    61
Dodge: Dodged            |    45 |    69 |   265 |   237 |    43 ||   659
Block: Buckler           |       |       |     6 |    90 |    19 ||   115

Table legend: (Time is in decaauts)
 A = Elapsed time spent in this place.
 B = Non-inter-level travel time spent in this place.
 C = Inter-level travel time spent in this place.
 D = Time resting spent in this place.
 E = Time spent auto-exploring this place.
 F = Levels seen in this place.
 G = Mean time per level.
                   A        B        C        D        E       F      G
               +--------+--------+--------+--------+--------+-----+--------+
         Total |  20814 |  20185 |    629 |   1799 |  15117 |  18 | 1156.3 |
       Dungeon |  14017 |  13603 |    414 |   1522 |  10380 |  10 | 1401.7 |
        Temple |    150 |    137 |     13 |      0 |    136 |   1 |  150.0 |
          Lair |   2157 |   2058 |     99 |    102 |   1640 |   3 |  719.0 |
  Orcish Mines |   3033 |   2931 |    102 |     80 |   2111 |   2 | 1516.5 |
       Ossuary |    530 |    530 |      0 |      0 |    437 |   1 |  530.0 |
      Gauntlet |    925 |    925 |      0 |     95 |    412 |   1 |  925.0 |
               +--------+--------+--------+--------+--------+-----+--------+

Top non-repeatable levels by time:
    D:10: 2796 daAuts
   Orc:2: 1839 daAuts
     D:8: 1485 daAuts
     D:3: 1474 daAuts
  Lair:1: 1437 daAuts
     D:7: 1328 daAuts
     D:9: 1317 daAuts
     D:2: 1292 daAuts
     D:1: 1241 daAuts
   Orc:1: 1193 daAuts
     D:6: 1138 daAuts
     D:4: 997 daAuts
     D:5: 945 daAuts
Gauntlet: 925 daAuts
  Lair:2: 586 daAuts
